 Dungeon Crawl Stone Soup version 0.21.1-1-g345015f (webtiles) character file.

253 cultivahabas the Cudgeler (level 5, -5/48 HPs)
             Began as a Troll Chaos Knight on May 5, 2018.
             Killed by divine providence
             ... invoked by an orc priest
              (11 damage)
             ... on level 2 of the Dungeon.
             The game lasted 00:08:26 (2168 turns).

cultivahabas the Cudgeler (Troll Chaos Knight)      Turns: 2168, Time: 00:08:27

Health: -5/48      AC:  5    Str: 23      XL:     5   Next: 90%
Magic:  4/4        EV: 10    Int:  9      God:    Xom [...*..]
Gold:   112        SH:  0    Dex:  8 (9)  Spells: 4/4 levels left

rFire    . . .     SeeInvis +   a - +0 mace (chaos)
rCold    . . .     Gourm    +   (no shield)
rNeg     . . .     Faith    .   r - +0 robe (curse)
rPois    .         Spirit   .   (helmet restricted)
rElec    .         Reflect  .   (no cloak)
rCorr    .         Harm     .   (gloves unavailable)
MR       .....                  (boots unavailable)
Stlth    +.........             (no amulet)
HPRegen  0.56/turn              (no ring)
MPRegen  0.09/turn              (no ring)

@: mighty
A: large, unfitting armour, claws 3, see invisible, fast metabolism 3, frail 1,
gourmand, regeneration 1, shaggy fur 1, tough skin 2, weak 1
a: Renounce Religion


You were on level 2 of the Dungeon.
You worshipped Xom.
You were a favourite toy of Xom.
You were very full.

You visited 1 branch of the dungeon, and saw 3 of its levels.

You collected 112 gold pieces.

Inventory:

Hand Weapons
 a - a +0 mace of chaos (weapon)
Armour
 b - a +2 robe
 r - a cursed +0 robe (worn)
 u - a +0 buckler
Jewellery
 g - an uncursed amulet of magic regeneration {unknown}
 h - a +4 ring of dexterity {unknown}
 p - an uncursed ring of resist corrosion {unknown}
Wands
 z - a wand of polymorph (7)
Scrolls
 d - 2 scrolls of identify {unknown}
 e - a scroll of noise {unknown}
 i - a scroll of immolation {unknown}
 j - 5 scrolls of teleportation {unknown}
 m - 2 scrolls of enchant armour {unknown}
 t - 2 scrolls of remove curse {unknown}
 w - a scroll of enchant weapon {unknown}
 y - a scroll of magic mapping {unknown}
Potions
 f - a potion of cancellation {unknown}
 k - a potion of curing {unknown}
 l - a potion of degeneration {unknown}
 n - a potion of resistance {unknown}
 o - a potion of haste {unknown}
 q - 2 potions of ambrosia {unknown}
 s - a potion of mutation {unknown}
 v - a potion of might {unknown}
 x - a potion of agility {unknown}
Comestibles
 c - 4 rations


   Skills:
 + Level 3.7 Fighting
 * Level 5.2 Maces & Flails
 - Level 1.9 Dodging


You had 4 spell levels left.
You didn't know any spells.

Dungeon Overview and Level Annotations

Branches:
Dungeon (3/15)

Altars:
Elyvilon


Innate Abilities, Weirdness & Mutations

You are too large for most types of armour.
You have claws for hands.
Your metabolism is lightning-fast.
You like to eat raw meat.
Your natural rate of healing is unusually fast.
You are covered in fur. (AC +1)
You have very tough skin. (AC +2)
You have supernaturally acute eyesight. (SInv)
You are frail. (-10% HP)
You are weak. (Str -2)


Message History

The orc priest begins to cast a cantrip, but forgets the words!
The rat closely misses you.
The orc priest casts a cantrip, but nothing happens.
The rat bites you but does no damage.
The orc priest mumbles some strange prayers to Beogh against you.
Pain shoots through your body!
* * * LOW HITPOINT WARNING * * *
Xom smiles on you.
You feel very mighty all of a sudden.
You see here a dagger of freezing.
The rat closely misses you.
The orc priest calls upon Beogh to heal the orc priest.
The orc priest is healed somewhat.
The orc priest calls upon Beogh to heal something.
You sock the rat!
You kill the rat!
The orc priest mumbles some strange prayers to Beogh against you.
Beogh smites you!
You die...
Xom thinks this is hilarious!

####### ########### ##.....##
#.........# ##.....[.##
#.........# #.........#
#.....(...# #.........#
#.........# #.........#
#.........# ### #.........#
#.........# ##..
#.....(...###.........####..#
#........oJ†@..............##
#.......oo#####[##.#########
#.........# #(##.###
#..(......# ##.##.#.##
#......>..####..##.#.[###
##.......(...(.###.##...#
##......###....##.####.#
######.####......# #.#
########..# #.#...[# #[#####


You could see 2 orc priests, an ooze and an orc.

Vanquished Creatures
  Sigmund (D:2)
  2 adders (D:2)
  2 worms (D:2)
  A dart slug (D:2)
  3 leopard geckos
  An orc (D:3)
  6 bats
  4 giant cockroaches
  3 goblins
  5 hobgoblins
  3 jackals (D:2)
  4 kobolds
  2 quokkas (D:2)
  4 ball pythons
  2 frilled lizards (D:1)
  11 rats
54 creatures vanquished.

Vanquished Creatures (others)
  4 toadstools (D:1)
4 creatures vanquished.

Grand Total: 58 creatures vanquished

Notes
Turn   | Place    | Note
-------+----------+-------------------------------------------
     0 | D:1      | cultivahabas the Troll Chaos Knight began the quest for the Orb.
     0 | D:1      | Reached XP level 1. HP: 22/22 MP: 0/0
    64 | D:1      | XOM: divination: detect items
   121 | D:1      | XOM: harmless Tloc miscast
   125 | D:1      | Reached skill level 3 in Maces & Flails
   164 | D:1      | Reached XP level 2. HP: 29/29 MP: 1/1
   738 | D:1      | XOM: mild Conj miscast
   948 | D:2      | Reached XP level 3. HP: 28/36 MP: 2/2
  1219 | D:2      | XOM: medium Erth miscast
  1595 | D:2      | Noticed Sigmund
  1610 | D:2      | Killed Sigmund
  1610 | D:2      | Reached skill level 5 in Maces & Flails
  1610 | D:2      | Reached XP level 4. HP: 32/46 MP: 3/3
  1610 | D:2      | Reached XP level 5. HP: 37/53 MP: 4/4
  1705 | D:2      | XOM: confusion
  1898 | D:2      | Found a white marble altar of Elyvilon.
  1974 | D:2      | XOM: harmless Tmut miscast
  2060 | D:3      | XOM: stat loss: -1 Dex (8/9)
  2138 | D:2      | XOM: silly message
  2158 | D:3      | XOM: give mutations
  2158 | D:3      | Gained mutation: You are frail. (-10% HP) [Xom's mischief]
  2158 | D:3      | Gained mutation: You are weak. (Str -2) [Xom's mischief]
  2158 | D:3      | Gained mutation: You have supernaturally acute eyesight. (SInv) [Xom's mischief]
  2164 | D:2      | XOM: potion effect (might)
  2168 | D:2      | Killed from afar by an orc priest

Skill      XL: |  1  2  3 |
---------------+----------+-----
Maces & Flails | 3 5 |  5.2
Fighting       | 3 |  3.7
Dodging        | |  1.9

Action                   |  1- 3 |  4- 6 || total
-------------------------+-------+-------++-------
Melee: Mace              |   120 |    52 ||   172
 Stab: Paralysed         |     3 |       ||     3
  Eat: Chunk             |    20 |     4 ||    24
Armor: Robe              |    60 |    28 ||    88
Dodge: Dodged            |    62 |    44 ||   106
